 Dungeon Crawl Stone Soup version 0.22-a0-42-g002c468 (webtiles) character file.

2508 CanOfBees the Basher (level 9, -6/57 HPs)
             Began as a Gargoyle Fighter on Jan 5, 2018.
             Was an Initiate of Qazlal.
             Killed by divine providence
             ... invoked by an orc priest
              (13 damage)
             ... on level 6 of the Dungeon.
             The game lasted 00:14:33 (8486 turns).

CanOfBees the Basher (Gargoyle Fighter)             Turns: 8486, Time: 00:14:34

Health: -6/57      AC: 18    Str: 28    XL:     9   Next: 53%
Magic:  10/10      EV:  6    Int:  9    God:    Qazlal [......]
Gold:   307        SH: 10    Dex:  9    Spells: 8/8 levels left

rFire    . . .     SeeInvis .   w - +0 morningstar
rCold    . . .     Gourm    .   c - +0 shield
rNeg     + . .     Faith    .   e - +0 chain mail
rPois    ∞         Spirit   .   u - +0 helmet
rElec    +         Reflect  .   (no cloak)
rCorr    .         Harm     .   (no gloves)
MR       .....                  (no boots)
Stlth    ..........             (no amulet)
HPRegen  0.19/turn              (no ring)
MPRegen  0.12/turn              (no ring)

@: mighty
A: negative energy resistance 1, electricity resistance, unbreathing,
petrification resistance, rot immunity, AC +6
a: Renounce Religion


You were on level 6 of the Dungeon.
You worshipped Qazlal.
Qazlal was noncommittal.
You were hungry.

You visited 2 branches of the dungeon, and saw 7 of its levels.
You also visited: Sewer.

You collected 307 gold pieces.

Inventory:

Hand Weapons
 w - a +0 morningstar (weapon)
 B - a cursed -2 whip
Missiles
 d - a silver tomahawk
 m - 3 tomahawks (quivered)
Armour
 c - a +0 shield (worn)
 e - a +0 chain mail (worn)
 u - a +0 helmet (worn)
Wands
 C - a wand of acid (15)
 G - a wand of iceblast (11)
Scrolls
 h - 9 scrolls of identify
 k - 3 scrolls of enchant armour {unknown}
 l - a scroll of noise {unknown}
 p - 2 scrolls of teleportation
 q - 3 scrolls of amnesia {unknown}
 r - 3 scrolls of immolation {unknown}
 s - a scroll of enchant weapon {unknown}
 x - 5 scrolls of remove curse
 y - 2 scrolls of fog {unknown}
 D - a scroll of magic mapping {unknown}
 E - 3 scrolls of random uselessness {unknown}
 H - a scroll of fear {unknown}
Potions
 a - a potion of haste {unknown}
 b - 6 potions of curing
 g - 3 potions of flight {unknown}
 i - 3 potions of lignification
 j - a potion of resistance {unknown}
 n - 2 potions of heal wounds
 o - a potion of agility {unknown}
 t - 2 potions of magic {unknown}
 z - 3 potions of brilliance
Books
 v - a book of Necromancy

   Spells                             Type                      Level
   a - Pain                           Necromancy                   1
   b - Animate Skeleton               Necromancy                   1
   c - Vampiric Draining              Necromancy                   3
   d - Regeneration                   Charms/Necromancy            3
   e - Animate Dead                   Necromancy                   4
   f - Borgnjor's Vile Clutch         Necromancy/Earth             5
Comestibles
 f - 16 rations


   Skills:
 + Level 7.5 Fighting
 * Level 9.0 Maces & Flails
 + Level 6.4 Armour
 - Level 5.1 Shields
 + Level 2.0 Invocations


You had 8 spell levels left.
You didn't know any spells.

Dungeon Overview and Level Annotations

Branches:
Dungeon (6/15)             Temple (1/1) D:6

Altars:
Cheibriados
Kikubaaqudgha
Makhleb
Qazlal
Ru
Sif Muna
Trog
Vehumet
Wu Jian
Yredelemnul

Annotations:
D:3 1 runed door


Innate Abilities, Weirdness & Mutations

You are resistant to torment.
Your stone body is resilient. (AC +6)
You are immune to poison.
You resist negative energy. (rN+)
You are resistant to electric shocks. (rElec)
You can survive without breathing.
You are immune to petrification.
You are immune to rotting.


Message History

You block the orc warrior's attack.
The orc priest mumbles some strange prayers to Beogh against you.
Beogh smites you!
You sock the orc warrior!
You kill the orc warrior!
Qazlal accepts your kill.
Your Invocations skill increases to level 2!
The orc priest calls down the wrath of Beogh upon you.
Beogh smites you!
* * * LOW HITPOINT WARNING * * *
The orc priest mumbles some strange prayers to Beogh against you.
Pain shoots through your body!
* * * LOW HITPOINT WARNING * * *
Things that are here:
a mace; a plate armour; an orc corpse You barely miss the orc priest.
The orc priest is heavily wounded.
The orc priest invokes the aid of Beogh against you.
Beogh smites you!
You die...

.........#
.........#
.........#
.........#######
...............#
........###.##.#
#....#####.....#
####.....#.....####
.....###.#......@o#
....#.##.#....###)#
......##.####### .#
....####.......# .#
....# #######.# ##
....# #.# ##..#
##.# #..# #..#
##..# #.##


You could see an orc priest.

Vanquished Creatures
  The ghost of Valorful the Sneak, an amateur OpAs of Wu Jian (D:4)
  The ghost of bande the Covered, an amateur GrFi (D:3)
  An orc warrior (D:6)
  An ice beast (D:6)
  2 ogres
  4 bullfrogs
  A gnoll sergeant (D:5)
  A scorpion (D:6)
  A water moccasin skeleton (D:6)
  A howler monkey (D:4)
  5 crimson imps
  A jelly (D:6)
  5 orc priests
  A gnoll shaman (D:4)
  A hound (D:4)
  7 orc wizards
  2 bullfrog skeletons (D:5)
  6 worker ants
  A killer bee zombie (D:5)
  A hound zombie (D:5)
  A worker ant zombie (D:5)
  Robin (D:3)
  15 gnolls
  14 adders
  8 river rats
  2 oozes
  5 worms
  12 dart slugs
  4 leopard geckos
  24 orcs
  2 giant cockroaches (D:3)
  16 goblins
  12 hobgoblins
  7 jackals
  2 quokkas
  6 ball pythons
  7 bats
  3 frilled lizards
  21 kobolds
  2 leopard gecko skeletons
  A quokka skeleton (D:5)
  28 rats
237 creatures vanquished.

Notes
Turn   | Place    | Note
-------+----------+-------------------------------------------
     0 | D:1      | CanOfBees the Gargoyle Fighter began the quest for the Orb.
     0 | D:1      | Reached XP level 1. HP: 14/14 MP: 1/1
   124 | D:1      | Noticed a four-headed hydra
   124 | D:1      | Noticed a worker ant
   124 | D:1      | Noticed an anaconda
   148 | D:1      | Reached XP level 2. HP: 19/19 MP: 2/2
   352 | D:1      | Reached XP level 3. HP: 21/23 MP: 3/3
   524 | D:1      | Reached skill level 3 in Maces & Flails
  1121 | D:2      | Reached XP level 4. HP: 29/29 MP: 4/4
  2027 | D:3      | Reached XP level 5. HP: 19/33 MP: 5/5
  2056 | D:3      | Found a bloodstained altar of Trog.
  2085 | D:3      | Reached skill level 4 in Maces & Flails
  2209 | D:3      | Noticed Robin
  2236 | D:3      | Killed Robin
  2781 | D:3      | Reached XP level 6. HP: 9/39 MP: 6/6
  3205 | D:3      | Noticed bande's ghost (amateur GrFi)
  3278 | D:3      | Killed bande's ghost
  3278 | D:3      | Reached skill level 5 in Maces & Flails
  3689 | D:3      | Found a runed door.
  3895 | D:4      | Reached skill level 5 in Fighting
  3895 | D:4      | Reached skill level 5 in Shields
  3922 | D:4      | Reached XP level 7. HP: 44/44 MP: 7/7
  4072 | D:4      | Found a glowing drain.
  4079 | Sewer    | Entered a sewer
  4694 | D:4      | Noticed Valorful's ghost (amateur OpAs)
  4706 | D:4      | Killed Valorful's ghost
  4706 | D:4      | Reached skill level 6 in Maces & Flails
  4737 | D:4      | Reached XP level 8. HP: 23/51 MP: 8/8
  5135 | D:4      | Reached skill level 7 in Maces & Flails
  5616 | D:5      | Entered Level 5 of the Dungeon
  6044 | D:5      | Found an ornate altar of the Wu Jian Council.
  6115 | D:5      | Reached skill level 5 in Armour
  6763 | D:5      | Reached skill level 8 in Maces & Flails
  6845 | D:5      | Reached XP level 9. HP: 34/56 MP: 9/9
  7398 | D:6      | Found a staircase to the Ecumenical Temple.
  7406 | Temple   | Entered the Ecumenical Temple
  7465 | Temple   | Became a worshipper of Qazlal Stormbringer
  7777 | D:6      | Reached skill level 1 in Invocations
  8205 | D:6      | Reached skill level 9 in Maces & Flails
  8486 | D:6      | Killed from afar by an orc priest

Vault maps used:
D:1:      onia_arrival_zoo_common
D:2:      first_ration
D:3:      lemuel_doored_altar, serial_bayou, serial_bayou_pond_e,
          serial_bayou_pond_e, serial_bayou_ford_a, serial_bayou_pond_b,
          uniq_crazy_yiuf_cottage, uniq_robin
D:4:      lightli_sewer_entry_pipes
D:5:      kennysheep_slugbush, lemuel_round_altar
D:6:      minmay_temple_entry_butterflies, serial_co_window_serial,
          co_window_paths_a, co_window_paths_b, co_window_cross_1,
          co_window_paths_b, co_window_corner_a, co_window_corner_b,
          co_window_broadway_b, co_window_of_opportunity_c,
          co_window_unsneaky_path_a, glass_columns_b
Temple:   dpeg_chambers_temple
Sewer:    sewer_minmay_treatment

Skill      XL: |  1  2  3  4  5  6  7  8  9 |
---------------+----------------------------+-----
Maces & Flails | 3 4 5 6 8 9 |  9.0
Fighting       | 4 5 6 7 |  7.5
Shields        | 4 5 |  5.1
Armour         | 4 5 6 |  6.4
Invocations    | 2 |  2.0

Action                   |  1- 3 |  4- 6 |  7- 9 || total
-------------------------+-------+-------+-------++-------
Melee: Flail             |   125 |   261 |       ||   386
       Morningstar       |       |    16 |   628 ||   644
Throw: Tomahawk          |       |       |     4 ||     4
  Use: Potion            |       |     2 |     8 ||    10
       Scroll            |       |       |     2 ||     2
  Eat: Chunk             |     1 |     9 |    16 ||    26
Armor: Scale mail        |     7 |       |       ||     7
       Chain mail        |    86 |   187 |   452 ||   725
       Skin              |       |     8 |       ||     8
Dodge: Dodged            |    29 |    65 |   172 ||   266
Block: Shield            |    83 |   164 |   359 ||   606

Table legend:
 A = Spawn XP
 B = Non-spawn XP
 C = Spawn XP percentage of total XP
 D = Spawn monster count
 E = Non-spawn monster count
 F = Spawn count percentage of total count
 G = Total turns spent on level
                    A         B        C        D         E        F      G
               +---------+---------+-------+---------+---------+-------+---------
         Total |       0 |    3583 |   0.0 |       0 |     237 |   0.0 |  8486
               +---------+---------+-------+---------+---------+-------+---------
           D:1 |       0 |      67 |   0.0 |       0 |      28 |   0.0 |  1060
           D:2 |       0 |      77 |   0.0 |       0 |      15 |   0.0 |  1086
           D:3 |       0 |     417 |   0.0 |       0 |      46 |   0.0 |  1734
           D:4 |       0 |    1012 |   0.0 |       0 |      34 |   0.0 |  1826
           D:5 |       0 |     800 |   0.0 |       0 |      41 |   0.0 |   990
           D:6 |       0 |    1064 |   0.0 |       0 |      25 |   0.0 |  1113
         Sewer |       0 |     146 |   0.0 |       0 |      48 |   0.0 |   590
               +---------+---------+-------+---------+---------+-------+---------
